 Dungeon Crawl Stone Soup version 0.31-a0-875-g02e7d12df6 (webtiles) character file.

Game seed: 8516598832193330523

98 Azuregosa the Trooper (level 4, -3/36 HPs)
             Began as a Demonspawn Chaos Knight on Oct 12, 2023.
             Was a Plaything of Xom.
             Slain by a gnoll
             ... wielding a +0 spear
              (7 damage)
             ... on level 2 of the Dungeon.
             The game lasted 00:04:13 (811 turns).

Azuregosa the Trooper (Demonspawn Chaos Knight)      Turns: 811, Time: 00:04:13

Health: -3/36      AC:  7    Str: 14    XL:     4   Next: 43%
Magic:  4/4        EV: 12    Int: 13    God:    Xom [..*...]
Gold:   26         SH:  4    Dex: 13    Spells: 3/3 levels left

rFire   . . .        a - +0 spear (chaos)
rCold   . . .        (no shield)
rNeg    . . .        b - +2 leather armour
rPois   .            (no helmet)
rElec   .            (no cloak)
rCorr   .            (no gloves)
SInv    .            (no boots)
Will    .....        (no amulet)
Stlth   +            (no ring)
HPRegen 0.26/turn    (no ring)
MPRegen 0.09/turn

%: no passive effects
@: no status effects
A: hooves 1, icy blue scales 1, condensation shield
a: Renounce Religion


You were on level 2 of the Dungeon.
You worshipped Xom.
You were a toy of Xom.
You visited 1 branch of the dungeon, and saw 2 of its levels.

You collected 26 gold pieces.

Inventory:

Hand Weapons
 a - a +0 spear of chaos (weapon)
Armour
 b - a +2 leather armour (worn)
Jewellery
 i - an amulet of regeneration
Scrolls
 c - a scroll of butterflies
 g - a scroll of fear {unknown}
 h - a scroll of teleportation {unknown}
Potions
 d - a potion of enlightenment {unknown}
 e - a potion of lignification {unknown}
 f - a potion of curing {unknown}


   Skills:
 + Level 3.6 Fighting
 + Level 3.3 Polearms
 + Level 2.6 Armour
 + Level 2.0 Dodging


You had 3 spell levels left.
You didn't know any spells.
Your spell library contained the following spells:

 Spells                   Type           Power      Damage    Failure   Level
 Apportation              Tloc           0%         N/A       36%         1
 Jinxbite                 Hex            0%         N/A       50%         2
 Alistair's Intoxication  Tmut/Pois      0%         N/A       100%        5


Dungeon Overview and Level Annotations

Branches:
Dungeon (2/15)

Altars:


Innate Abilities, Weirdness & Mutations

You have large cloven feet.
You are partially covered in icy blue scales. (AC +2)
A meltable shield of frost defends you. (SH +4)


Message History

You closely miss the gnoll. The gnoll barely misses you.
You block the gnoll's attack.
You hit the gnoll.
The gnoll seems to grow stronger.
Xom thinks this is hilarious!
You kick the gnoll.
The gnoll is moderately wounded.
You barely miss the gnoll. Your kick misses the gnoll.
The gnoll is moderately wounded.
The gnoll hits you with a +0 spear. The gnoll barely misses you.
You closely miss the gnoll.
The gnoll is moderately wounded.
The gnoll hits you with a +0 spear. The gnoll hits you but does no damage.
The gnoll completely misses you.
You hit the gnoll but do no damage.
The gnoll is poisoned.
You kick the gnoll.
The gnoll is heavily wounded.
The gnoll closely misses you. x2
The gnoll hits you from afar with a +0 spear.
You hit the gnoll but do no damage. You kick the gnoll.
The gnoll is severely wounded.
You kill the gnoll!
The gnoll barely misses you. The gnoll misses you.
The gnoll closely misses you. x3
You see here a +0 spear.
You block the gnoll's attack.
The gnoll hits you from afar with a +0 spear.
* * * LOW HITPOINT WARNING * * *
The gnoll throws a throwing net.
The throwing net barely misses you. The gnoll attacks as it pursues you!
The gnoll hits you from afar with a +0 spear.
* * * LOW HITPOINT WARNING * * *
You see here a throwing net.
The gnoll barely misses you. The gnoll closely misses you.
You hit the gnoll.
The gnoll is poisoned.
The gnoll is lightly wounded.
The gnoll barely misses you. The gnoll misses you.
You hit the gnoll. You burn the gnoll.
The gnoll is heavily wounded.
You block the gnoll's attack. The gnoll hits you with a +0 spear!
You die...
Xom thinks this is hilarious!

###.###
#.....#
#.....##
..>... ....#
.g.###...
#Jg...# #
#g# #.# #@#
....
#(###..#
#.####.#..#
#.<......#
######.#...#
#.#..?#
..##### ####


You could see 3 gnolls and an endoplasm.

Vanquished Creatures
  Jessica (D:2)
  2 gnolls
  An adder (D:2)
  A dart slug (D:1)
  2 endoplasms (D:1)
  3 giant cockroaches (D:1)
  3 goblins (D:1)
  2 hobgoblins (D:1)
  6 jackals (D:1)
  4 kobolds (D:1)
  4 ball pythons (D:1)
  5 bats (D:1)
  6 rats (D:1)
40 creatures vanquished.

Vanquished Creatures (others)
  A jackal zombie (D:1)
1 creature vanquished.

Grand Total: 41 creatures vanquished

Notes
Turn   | Place    | Note
-------+----------+-------------------------------------------
     0 | D:1      | Azuregosa the Demonspawn Chaos Knight began the quest for
                  | the Orb.
     0 | D:1      | Reached XP level 1. HP: 18/18 MP: 1/1
    36 | D:1      | Reached skill level 1 in Dodging
    72 | D:1      | Gained mutation: A meltable shield of frost defends you.
                  | (SH +4) [demonic ancestry]
    72 | D:1      | Reached XP level 2. HP: 16/24 MP: 2/2
   229 | D:1      | XOM: silly message
   299 | D:1      | Gained mutation: You are partially covered in icy blue
                  | scales. (AC +2) [demonic ancestry]
   299 | D:1      | Reached XP level 3. HP: 28/29 MP: 3/3
   534 | D:1      | Found a faded altar of an unknown god.
   756 | D:2      | Noticed Jessica
   769 | D:2      | Killed Jessica
   770 | D:2      | Gained mutation: You have large cloven feet. [demonic
                  | ancestry]
   770 | D:2      | Reached XP level 4. HP: 24/36 MP: 4/4
   794 | D:2      | XOM: 1-stop teleportation journey
   811 | D:2      | Slain by a gnoll

Illustrated notes

Levels and vault maps discovered:
D:1:      scummos_arrival_simple_crosswalls, layout_loops_cross,
          shapermc_ecumenical_altar_notcrosses
D:2:      layout_loops_ring, chequers_serial_rivers_room_b,
          chequers_serial_rivers_large_a, nicolae_eternal_life, uniq_jessica

Skill      XL: |  1  2  3 |
---------------+----------+-----
Dodging        | 1 2 |  2.0
Armour         | 2 |  2.6
Polearms       | 3 |  3.3
Fighting       | |  3.6

Action                     |  1- 3 |  4- 6 || total
---------------------------+-------+-------++-------
  Melee: Spear             |    99 |     9 ||   108
         Kick              |       |     3 ||     3
   Stab: Sleeping          |     1 |       ||     1
 Armour: Leather armour    |    55 |    11 ||    66
  Dodge: Dodged            |    42 |    17 ||    59
  Block: Other             |    13 |     3 ||    16

Table legend: (Time is in decaauts)
 A = Elapsed time spent in this place.
 B = Non-inter-level travel time spent in this place.
 C = Inter-level travel time spent in this place.
 D = Time resting spent in this place.
 E = Time spent auto-exploring this place.
 F = Levels seen in this place.
 G = Mean time per level.
                   A        B        C        D        E       F      G
               +--------+--------+--------+--------+--------+-----+--------+
         Total |    806 |    806 |      0 |      0 |    486 |   2 |  403.0 |
       Dungeon |    806 |    806 |      0 |      0 |    486 |   2 |  403.0 |
               +--------+--------+--------+--------+--------+-----+--------+

Top non-repeatable levels by time:
     D:1: 721 daAuts
     D:2: 85 daAuts
